AoeStats
← kazooy

African Clearing

504200958Analyzed
2v2 RM · 29d ago on Sep 4, 2026· 43m 22s· 4 players
Game mode
Random Map
Map size
Medium (4 player)
Population
200
Speed
Normal
Resources
Standard
Victory
Conquest
Starting age
Dark Age
Ending age
Imperial Age
RankedLock teamsTeams togetherTeam positionsShared explorationLock speedFull tech treeHidden civsTurbo modeCheats
Victory
Defeat
🇦🇺 Mongols · Australia
1102
+12
🇦🇹 Malians · Austria
1036
+14
🇦🇺 Burmese · Australia
1016
-14
🇦🇺 Japanese · Australia
989
-12
hbrandstaetter
4:19 Loom
13:45 Feudal Age
18:30 Castle Age
16:34 Double-Bit Axe
17:51 Gold Mining
18:57 Town Watch
26:02 Horse Collar
27:17 Scale Mail Armor
27:28 Forging
31:40 Chain Mail Armor
34:36 Heavy Plow
35:19 Bow Saw
36:46 Wheelbarrow
42:02 Imperial Age
40:10 Hand Cart
42:00 Iron Casting
42:07 Elite Gbeto
TALKA to me
6:57 Loom
14:14 Feudal Age
16:32 Double-Bit Axe
19:21 Castle Age
18:51 Fletching
18:49 Horse Collar
19:21 Padded Archer Armor
19:34 Forging
19:31 Scale Barding Armor
20:32 Bloodlines
21:05 Bow Saw
27:57 Wheelbarrow
28:07 Bodkin Arrow
32:21 Leather Archer Armor
34:11 Ballistics
38:52 Imperial Age
39:16 Hand Cart
39:34 Thumb Ring
40:17 Conscription
42:06 Chemistry
41:31 Bracer
kazooy
12:00 Loom
14:17 Feudal Age
19:15 Castle Age
19:22 Scale Barding Armor
19:21 Gold Mining
36:39 Forging
38:07 Horse Collar
judiusmaximus
7:38 Loom
14:42 Feudal Age
15:30 Double-Bit Axe
16:12 Man-at-Arms
18:51 Forging
24:49 Castle Age
24:02 Wheelbarrow
23:44 Horse Collar
25:38 Pikeman
27:35 Scale Mail Armor
28:10 Iron Casting
30:04 Stone Mining
30:45 Heavy Plow
31:00 Bow Saw
32:16 Fletching
40:42 Squires
42:30 Chain Mail Armor
Connection lost

Rejoining the realm…

Still unreachable

The connection could not be restored.

Session expired

The server has moved on; the page needs a fresh start.